 Dungeon Crawl Stone Soup version 0.27.1-34-g3ba077fa99 (webtiles) character file.

Game seed: 12384688950944610199

38 vvl the Insei (level 3, -2/39 HPs)
             Began as a Demonspawn Transmuter on Jan 19, 2022.
             Slain by an adder (3 damage)
             ... on level 2 of the Dungeon.
             The game lasted 00:02:16 (1186 turns).

vvl the Insei (Demonspawn Transmuter)               Turns: 1186, Time: 00:02:17

Health: -2/39      AC: 21    Str: 11    XL:     3   Next: 25%
Magic:  4/6        EV:  2    Int: 14    God:
Gold:   60         SH:  0    Dex: 13    Spells: 5/6 levels left

rFire    . . .     SeeInvis .     - Unarmed
rCold    . . .     Faith    .   (no shield)
rNeg     + + +     Spirit   .   (armour currently unavailable)
rPois    +         Reflect  .   (helmet currently unavailable)
rElec    .         Harm     .   (cloak currently unavailable)
rCorr    .         Rampage  .   (gloves currently unavailable)
Will     .....     NoTele   +   (boots currently unavailable)
Stlth    +.........             (no amulet)
HPRegen  0.13/turn              (no ring)
MPRegen  0.20/turn              (no ring)

@: lethally poisoned (-2 -> -6), tree-form, very slightly contaminated
A: stationary, stasis, torment immunity, boosted hp, (claws 1), magic
regeneration
a: no special abilities


You were on level 2 of the Dungeon.
You were a tree.
You visited 1 branch of the dungeon, and saw 2 of its levels.

You collected 60 gold pieces.

Inventory:

Missiles
 a - 21 bolts
Armour
 d - a +0 leather armour (melded)
Scrolls
 b - 2 scrolls of brand weapon {unknown}
 c - a scroll of enchant armour {unknown}
 e - 2 scrolls of identify {unknown}


   Skills:
 + Level 1.3 Fighting
 + Level 0.6 Armour
 + Level 2.0 Dodging
 * Level 3.1 Unarmed Combat
 + Level 2.2 Spellcasting
 * Level 2.2 Transmutations


You had 5 spell levels left.
You knew the following spells:

 Your Spells              Type           Power      Damage    Failure   Level
a - Beastly Appendage     Tmut           14%        N/A       10%         1

Your spell library contained the following spells:

 Spells                   Type           Power      Damage    Failure   Level
 Wereblood                Tmut           7%         N/A       14%         2
 Spider Form              Tmut/Pois      2%         N/A       41%         3
 Ice Form                 Ice/Tmut       4%         N/A       83%         4


Dungeon Overview and Level Annotations

Branches:
Dungeon (2/15)

Altars:

Annotations:
D:2 Robin


Innate Abilities, Weirdness & Mutations

You are a tree.
Your roots penetrate the ground, keeping you stationary.
You cannot be teleported.
You are immune to unholy pain and torment.
Your maximum health is greatly increased.
Your equipment is partially melded.
((You have sharp fingernails.))
You regenerate magic rapidly.


Message History

You kill the goblin!
Your horns disappear.
Your talons disappear.
Robin roars a battlecry!
The goblins go into a battle-frenzy!
The endoplasm freezes you.
You are frozen.
You hear a shout!
Robin throws the goblin at you!
Things that are here:
a +0 dagger; a +0 club; a +0 dagger
Casting: Beastly Appendage (safe; 12% risk of failure)
Confirm with . or Enter, or press ? or * to list all spells.
You miscast Beastly Appendage.
You are very lightly contaminated with residual magic.
Nothing appears to happen.
The adder bites you.
You are lethally poisoned!
The adder poisons you! The goblin hits you with a +0 club.
* * * LOW HITPOINT WARNING * * *
Casting: Beastly Appendage (safe; 12% risk of failure)
Confirm with . or Enter, or press ? or * to list all spells.
You grow a pair of large bovine horns.
Your feet morph into talons.
* * * LOW HITPOINT WARNING * * *
You feel sick. The adder bites you but does no damage.
A howler monkey skeleton comes into view.
The goblin hits you with a +0 club.
* * * LOW HITPOINT WARNING * * *
The adder bites you but does no damage.
It was a potion of lignification.
Your horns disappear.
Your talons disappear.
You turn into a tree.
Your +0 leather armour melds into your body.
Your roots penetrate the ground.
* * * LOW HITPOINT WARNING * * *
You feel sick.
A goblin comes into view. It is wielding a +0 club.
The adder bites you but does no damage. The goblin hits you but does no damage.
You closely miss the adder.
* * * LOW HITPOINT WARNING * * *
You feel sick. The adder bites you.
You die...

..# #.# #.# #.#
#.# #.# .. #S# .#
#♣# #.# #. #g#
..#...
.######J###.g..##
......ggg..g.gg..
###.###Kgg.g.#.g.
#gJ.....g$#
.....Z....####
...#...g.###
.......#..


You could see Robin, an adder, 2 endoplasms, 6 goblins, a kobold and a howler
monkey skeleton.

Vanquished Creatures
  3 dart slugs (D:1)
  2 bats (D:1)
  2 endoplasms (D:1)
  2 giant cockroaches (D:1)
  8 goblins
  3 hobgoblins (D:1)
  2 kobolds (D:1)
  2 quokkas (D:1)
  A frilled lizard (D:1)
  2 rats (D:1)
27 creatures vanquished.

Notes
Turn   | Place    | Note
-------+----------+-------------------------------------------
     0 | D:1      | vvl the Demonspawn Transmuter began the quest for the Orb.
     0 | D:1      | Reached XP level 1. HP: 15/15 MP: 3/3
   159 | D:1      | Gained mutation: You regenerate magic rapidly. [demonic
                  | ancestry]
   159 | D:1      | Reached XP level 2. HP: 18/21 MP: 3/5
   370 | D:1      | Reached skill level 3 in Unarmed Combat
   446 | D:1      | Found a faded altar of an unknown god.
   785 | D:1      | Gained mutation: You have sharp fingernails. [demonic
                  | ancestry]
   785 | D:1      | Reached XP level 3. HP: 23/26 MP: 4/6
  1166 | D:2      | Identified the -5 helmet of Jiahis {+Inv Will+ Str+7 Dex+7}
  1166 | D:2      | Noticed Robin
  1186 | D:2      | HP: 1/39 [poisoned by an adder]
  1186 | D:2      | Slain by an adder

Illustrated notes

Levels and vault maps discovered:
D:1:      amcnicky_arrival_blooded_trapdoor, layout_loops_corners,
          basic_ecumenical_altar
D:2:      layout_rooms, minmay_tromino_v4_a, uniq_robin

Skill      XL: |  1  2 |
---------------+-------+-----
Transmutations | 2 |  2.2
Dodging        | 2 |  2.0
Unarmed Combat | 3 |  3.1
Fighting       | |  1.3
Armour         | |  0.6
Spellcasting   | |  2.2

Action                   || total
-------------------------++-------
Melee: Unarmed           ||    60
       Kick              ||    14
       Headbutt          ||     9
 Cast: Beastly Appendage ||    19
  Use: Potion            ||     1
 Stab: Sleeping          ||     1
Armor: Leather armour    ||    15
       Robe              ||     2
       Skin              ||     2
Dodge: Dodged            ||    25
